 Dungeon Crawl Stone Soup version 0.32-a0-928-g1cae6b7ea0 (webtiles) character file.

Game seed: 7048701132137065973

137 Oneirical the Grasshopper (level 5, -1/26 HPs)
             Began as a Felid Warper on Apr 12, 2024.
             Slain by an adder (2 damage)
             ... in a sewer.
             The game lasted 00:04:06 (2225 turns).

Oneirical the Grasshopper (Felid Warper)            Turns: 2225, Time: 00:04:07

Health: -1/26      AC:  1    Str:  7    XL:     5   Next: 0%
Magic:  9/9        EV:  7    Int: 18    God:
Gold:   74         SH:  0    Dex: 16    Spells: 3/8 levels left
                                        Lives:  0   Deaths: 2

rFire   . .          .
                       - Unarmed
rCold   . . .        (shield unavailable)
rNeg    . . .        (body armour unavailable)
rPois   .            (helmet unavailable)
rElec   .            (cloak unavailable)
rCorr   .            (gloves unavailable)
SInv    +            (boots unavailable)
Will    .....        (no amulet)
Stlth   +            (no ring)
HPRegen 0.24/turn    (no ring)
MPRegen 0.11/turn

%: no passive effects
@: lethally poisoned (-1 -> -4), constricted, very slow
A: very small, claws 1, fangs 3, see invisible, shaggy fur 1, stealthy paws, no
weapons or thrown items, no armour, multi-lived
a: no special abilities


You were in a sewer.
You visited 1 branch of the dungeon, and saw 3 of its levels.
You also visited: Sewer.

You collected 74 gold pieces.

Inventory:

Jewellery
 k - a ring of flight
Wands
 j - a wand of polymorph (3)
Scrolls
 a - a scroll of blinking
 b - 2 scrolls of poison {unknown}
 c - a scroll of vulnerability {unknown}
 d - 3 scrolls of identify {unknown}
 e - a scroll of immolation {unknown}
 h - a scroll of silence {unknown}
 i - 2 scrolls of butterflies {unknown}
 m - 2 scrolls of fear {unknown}
Potions
 f - a potion of cancellation {unknown}
 g - 2 potions of mutation {unknown}
 l - a potion of curing {unknown}


   Skills:
 - Level 2.0 Fighting
 - Level 3.2 Dodging
 + Level 3.9 Unarmed Combat
 - Level 2.0 Spellcasting
 + Level 6.6 Translocations


You had 3 spell levels left.
You knew the following spells:

 Your Spells              Type           Power      Damage    Failure   Level
a - Blink                 Tloc           50%        N/A       1%          2
b - Maxwell's Portable P  Tloc           25%        2d(7-21)  3%          3

Your spell library contained the following spells:

 Spells                   Type           Power      Damage    Failure   Level
 Lesser Beckoning         Tloc           50%        N/A       1%          2
 Teleport Other           Tloc           25%        N/A       3%          3
 Vhi's Electric Charge    Tloc/Air       26%        N/A       41%         4


Dungeon Overview and Level Annotations

Branches:
Dungeon (3/15)              Sewer (1/1)

Altars:
Kikubaaqudgha

Annotations:
D:2 Robin


Innate Abilities, Weirdness & Mutations

You have sharp claws.
You have razor-sharp teeth.
You have supernaturally acute eyesight. (SInv)
You are covered in fur. (AC +1)
Your paws help you pounce on unaware monsters.
You are incapable of wielding weapons or throwing items.
You cannot wear armour.
You gain extra lives every three experience levels.


Message History

A ball python and an adder come into view.
The ball python hisses angrily.
The ball python moves out of view.
An adder is nearby!
An adder is nearby!
A giant cockroach comes into view.
The adder completely misses you.
You closely miss the adder. The adder bites you.
The giant cockroach waves its antennae.
Your unstable footing causes you to fumble your attack.
The adder misses you. The ball python misses you.
The ball python barely misses you. The adder closely misses you.
You miss the adder. The ball python misses you.
The ball python closely misses you. The adder completely misses you.
The ball python closely misses you. x2
Your unstable footing causes you to fumble your attack.
The adder barely misses you. The ball python misses you.
The ball python closely misses you.
You closely miss the adder. The adder misses you. The ball python bites you.
The ball python completely misses you.
Your unstable footing causes you to fumble your attack.
The adder closely misses you. The ball python misses you.
The ball python grabs you. The ball python constricts you.
You scratch the adder.
The adder is moderately wounded.
The adder bites you.
You are poisoned.
The adder poisons you! The ball python bites you.
The ball python constricts you.
Your unstable footing causes you to fumble your attack.
You feel sick. The adder bites you. The ball python bites you.
The ball python constricts you. The adder bites you.
* * * LOW HITPOINT WARNING * * *
Your unstable footing causes you to fumble your attack.
The ball python bites you.
* * * LOW HITPOINT WARNING * * *
The ball python constricts you.
* * * LOW HITPOINT WARNING * * *
The adder bites you.
You die...

#.~~.# #~~.#~ #~~~## #~~~##
#~~~#. #~.~.# #~~.#~~ #~~~~#
#~~÷#.~. #.~~~# #.~~##~~~
##~~.## #~~~~#.~~. ##~~~~#†
##~~~##.~~~### ###~~~~##.
#~~.~##~.BS@#######~~~~~##.~
##~~†~###~S~~~.~†.~~~~###~~.
##~~~~~####~~~~~~~####~~~~.
##~~~~~.~#########~~~~†~.#
####~~~~~~..~.~~.~~~~####
####~~~...~~~~~####
#############


You could see an adder, a giant cockroach and a ball python.

Vanquished Creatures
  Terence (D:3)
  5 adders
  7 dart slugs (Sewer)
  An orc (D:3)
  13 ball pythons
  3 endoplasms
  7 giant cockroaches
  A goblin (D:2)
  2 hobgoblins
  A quokka (D:2)
  9 frilled lizards
  3 kobolds
  5 rats
58 creatures vanquished.

Notes
Turn   | Place    | Note
-------+----------+-------------------------------------------
     0 | D:1      | Oneirical the Felid Warper began the quest for the Orb.
     0 | D:1      | Reached XP level 1. HP: 11/11 MP: 4/4
   159 | D:1      | Found a faded altar of an unknown god.
   809 | D:2      | Found an ancient bone altar of Kikubaaqudgha.
   995 | D:2      | Reached XP level 2. HP: 15/15 MP: 6/6
   998 | D:2      | Learned a level 2 spell: Blink
  1035 | D:2      | Reached skill level 5 in Translocations
  1060 | D:2      | Reached XP level 3. HP: 9/18 MP: 7/7
  1064 | D:2      | Learned a level 3 spell: Maxwell's Portable Piledriver
  1479 | D:2      | Noticed Robin
  1679 | D:3      | Found a glowing drain.
  1681 | D:3      | Noticed Terence
  1725 | D:3      | Killed Terence
  1726 | D:3      | Reached skill level 6 in Translocations
  1726 | D:3      | Reached XP level 4. HP: 17/23 MP: 3/8
  1726 | D:3      | Gained a life (2 lives remaining)
  1751 | Sewer    | Entered a sewer
  2056 | Sewer    | HP: 1/23 [ball python (2)]
  2056 | Sewer    | Constricted to death by a ball python
  2056 | Sewer    | Lost a life (1 life remaining)
  2124 | Sewer    | Killed from afar by a dart slug
  2124 | Sewer    | Lost a life (0 lives remaining)
  2208 | Sewer    | Reached XP level 5. HP: 25/26 MP: 9/9
  2225 | Sewer    | HP: 1/26 [constriction (1)]
  2225 | Sewer    | Slain by an adder

Illustrated notes

Levels and vault maps discovered:
D:1:      dpeg_arrival_simpleton_b, layout_basic, ebering_ecumenical_altar_hall,
          chequers_serial_rivers_micro_e, columned_hall_lemuel,
          item_on_display_a
D:2:      layout_basic, basic_altar, nicolae_half_adder, uniq_robin
D:3:      layout_loops_cross, lemuel_round_altar, portal_sewer_entry_a,
          uniq_terence
Sewer:    sewer_frog_island_02

Skill      XL: |  1  2  3 |
---------------+----------+-----
Translocations | 5 6 |  6.6
Unarmed Combat | 3 |  3.9
Fighting       | |  2.0
Dodging        | |  3.2
Spellcasting   | |  2.0

Action                     |  1- 3 |  4- 6 || total
---------------------------+-------+-------++-------
  Melee: Unarmed           |    92 |   115 ||   207
         Bite              |    10 |    10 ||    20
         Punch             |       |     1 ||     1
   Cast: Maxwell's Portabl |     5 |     1 ||     6
         Blink             |     1 |     2 ||     3
  Evoke: Wand              |       |     1 ||     1
   Stab: Sleeping          |     1 |       ||     1
 Armour: Skin              |    33 |    64 ||    97
  Dodge: Dodged            |    56 |   144 ||   200

Table legend: (Time is in decaauts)
 A = Elapsed time spent in this place.
 B = Non-inter-level travel time spent in this place.
 C = Inter-level travel time spent in this place.
 D = Time resting spent in this place.
 E = Time spent auto-exploring this place.
 F = Levels seen in this place.
 G = Mean time per level.
                   A        B        C        D        E       F      G
               +--------+--------+--------+--------+--------+-----+--------+
         Total |   2293 |   2269 |     24 |     29 |   1752 |   4 |  573.2 |
       Dungeon |   1747 |   1723 |     24 |     29 |   1411 |   3 |  582.3 |
         Sewer |    546 |    546 |      0 |      0 |    341 |   1 |  546.0 |
               +--------+--------+--------+--------+--------+-----+--------+

Top non-repeatable levels by time:
     D:1: 784 daAuts
     D:2: 706 daAuts
   Sewer: 546 daAuts
     D:3: 256 daAuts
